 Dungeon Crawl Stone Soup version 0.31-a0-166-g46f44d267d (webtiles) character file.

Game seed: 886036643130007426

11274 qw the Cleaver (level 11, -4/68 HPs)
             Began as a Gargoyle Fighter on June 13, 2023.
             Was an Elder of Okawaru.
             Slain by a manticore (6 damage)
             ... on level 11 of the Dungeon.
             The game lasted 00:05:20 (8769 turns).

qw the Cleaver (Gargoyle Fighter)                   Turns: 8769, Time: 00:05:20

Health: -4/68      AC: 34    Str: 30    XL:     11   Next: 75%
Magic:  14/14      EV:  9    Int:  9    God:    Okawaru [****..]
Gold:   318        SH: 12    Dex:  9    Spells: 10/10 levels left

rFire   . . .        Y - +0 war axe (protect)
rCold   . . .        r - +0 kite shield
rNeg    + . .        o - +0 plate armour
rPois   inf          (no helmet)
rElec   +            (no cloak)
rCorr   .            (no gloves)
SInv    +            q - +2 pair of boots
Will    .....        i - amulet of regeneration Stlth
                     t - +6 ring of strength
HPRegen 1.11/turn    b - ring of see invisible
MPRegen 0.14/turn

%: no passive effects
@: about to teleport, heroic, under a protective aura
A: sickness immunity, AC +8, negative energy resistance 1, electricity
resistance, torment resistance 1, petrification resistance
a: Renounce Religion, Heroism, Finesse


You were on level 11 of the Dungeon.
You worshipped Okawaru.
Okawaru was greatly pleased with you.
You visited 2 branches of the dungeon, and saw 12 of its levels.

You collected 606 gold pieces.
You spent 288 gold pieces at shops.


Innate Abilities, Weirdness & Mutations

You are immune to sickness and miasma.
Your stone body is resilient. (AC +8)
You are immune to poison.
You resist negative energy. (rN+)
You are resistant to electric shocks. (rElec)
You are resistant to unholy torment.
You are immune to petrification.


   Skills:
 + Level 8.1(13.1) Fighting
 - Level 11.0(16.0) Axes
 - Level 3.7(8.7) Throwing
 - Level 7.6(12.6) Armour
 - Level 1.4(6.4) Dodging
 - Level 10.0(15.0) Shields
 + Level 4.3 Invocations


You had 10 spell levels left.
You didn't know any spells.
Your spell library was empty.

Inventory:

Hand Weapons
 s - a +2 morningstar
 Y - a +0 war axe of protection (weapon)
Missiles
 k - 2 boomerangs (quivered)
Armour
 o - a +0 plate armour (worn)
 q - a +2 pair of boots (worn)
 r - a +0 kite shield (worn)
Jewellery
 b - a ring of see invisible (right hand)
 i - an amulet of regeneration (around neck)
 j - a ring of ice
 t - a +6 ring of strength (left hand)
 u - a ring of protection from fire
 v - a +6 ring of dexterity
Wands
 p - a wand of digging (3)
Scrolls
 a - 7 scrolls of identify
 c - a scroll of summoning {unknown}
 l - 3 scrolls of teleportation
Potions
 d - 2 potions of might
 e - 2 potions of haste
 f - 7 potions of curing
 g - 3 potions of magic
 h - a potion of heal wounds
 m - 2 potions of cancellation
 n - 6 potions of lignification

Dungeon Overview and Level Annotations

Branches:
Dungeon (11/15)            Temple (1/1) D:4             Orc (0/2) D:10
   Lair: D:8-11

Altars:
Ashenzari
Cheibriados
Dithmenos
Elyvilon
Fedhas
Gozag
Hepliaklqana
Kikubaaqudgha
Makhleb
Nemelex Xobeh
Okawaru
Qazlal
Ru
Sif Muna
Trog
Uskayaw
Vehumet
Wu Jian
Xom
Yredelemnul
Zin
The Shining One

Shops:
D:5 =   D:7 *

Annotations:
D:4 exclusion: 5 adders
D:7 1 runed translucent door, Crazy Yiuf


Message History

You barely miss the death yak.
The death yak gores you but does no damage.
You slash the death yak!
The death yak is heavily wounded.
You completely miss the death yak. The death yak barely misses you.
You block the death yak's attack.
You hit the death yak but do no damage.
The death yak is heavily wounded.
You hit the manticore. You slash the yak!
You hit the death yak but do no damage.
You carefully extract the barbed spikes from your body.
You block the death yak's attack. You block the yak's attack.
The death yak completely misses you. The manticore bites you.
The manticore claws you but does no damage. x2
You hit the death yak but do no damage.
The death yak is heavily wounded.
You hit the manticore. You hit the yak but do no damage.
You hit the death yak but do no damage. You slash the death yak!
The death yak is severely wounded.
You barely miss the yak. You slash the death yak! You slash the manticore!
The death yak gores you!!
The death yak gores you but does no damage.
You block the manticore's attack.
The manticore claws you but does no damage. x2
The yak gores you but does no damage.
You slash the death yak!
The death yak is severely wounded.
You hit the manticore. You slice the yak!!
You hit the death yak but do no damage.
The death yak gores you but does no damage.
You block the manticore's attack. x2
The manticore claws you but does no damage.
The yak closely misses you. The death yak gores you!
8769 ||| READING 4 scrolls of teleportation.
As you read the scroll of teleportation, it crumbles to dust.
You feel strangely unstable.
You block the death yak's attack. x2; The yak gores you.
The manticore bites you! The manticore barely misses you.
The manticore claws you.
You die...

...........#...##.......##.
....>.#....>...............
.)....#.####'#####.........
........#....#...##'########
........#....#..............
........#....#..............
........#....##..##.####'###
+########....##.. #.#.......
#.Y@.##. ..#.######
......YYH## ...#.......
.......Y.########.......
...##....#..............
........................ .
........#.#######.....
.......... #######.....
.............[.........
#####.......


You could see 2 death yaks, a manticore and 2 yaks.

Vanquished Creatures
  2 boulder beetles (D:11)
  A two-headed ogre (D:10)
  A death yak (D:11)
  An ugly thing (D:11)
  Joseph (D:7)
  A troll (D:10)
  4 shadows
  Sigmund (D:2)
  2 wyverns
  5 yaks (D:8)
  Eustachio (D:6)
  Grum (D:11)
  4 steam dragons
  Menkaure (D:6)
  Pargi (D:3)
  3 orc warriors (D:9)
  3 ice beasts
  2 sky beasts
  2 ogres
  4 wolves (D:11)
  6 centaurs
  3 phantoms
  5 kobold brigands
  3 bullfrogs
  4 gnoll sergeants
  5 scorpions
  5 wights
  4 troll zombies (D:10)
  7 killer bees (D:7)
  11 howler monkeys
  2 hounds
  2 orc priests
  6 jellies
  3 sleepcaps
  2 iguanas
  2 orc wizards
  Natasha (thrice) (D:2)
  4 ogre zombies (D:10)
  23 gnolls
  9 adders
  3 white imps (D:6)
  2 ufetubi
  2 dart slugs
  7 worms (D:5)
  12 orcs
  4 bats
  3 endoplasms
  4 giant cockroaches
  9 goblins
  3 hobgoblins
  2 quokkas
  3 ball pythons
  4 frilled lizards
  2 goblin skeletons (D:10)
  3 goblin zombies (D:10)
  A hobgoblin skeleton (D:10)
  4 hobgoblin zombies (D:10)
  33 kobolds
  3 orc skeletons (D:10)
  12 orc zombies (D:10)
  2 rats
268 creatures vanquished.

Notes
Turn   | Place    | Note
-------+----------+-------------------------------------------
     0 | D:1      | qw the Gargoyle Fighter began the quest for the Orb.
     0 | D:1      | Reached XP level 1. HP: 14/14 MP: 1/1
     0 | D:1      | 0 ||| qw: Version: 0.2-a-29-gc1b59c4
     0 | D:1      | 0 ||| qw: Game counter: 4816
     0 | D:1      | 0 ||| qw: Always use a shield: true
     0 | D:1      | 0 ||| qw: God list: Okawaru
     0 | D:1      | 0 ||| qw: Allow faded altars: false
     0 | D:1      | 0 ||| qw: Do Orc after D:15 true
     0 | D:1      | 0 ||| qw: Do second Lair branch before Depths: true
     0 | D:1      | 0 ||| qw: Lair rune preference: random
     0 | D:1      | 0 ||| qw: Plans: Normal, Zot:1-4, Slime:5, God:TSO, Crypt,
                  | Tomb, Abyss, Pan, Hells, Win
     0 | D:1      | 0 ||| PLANNING D:1-11
    94 | D:1      | 94 ||| Stepping ~*~*~tactically~*~*~ (stealth).
    95 | D:1      | 95 ||| Stepping ~*~*~tactically~*~*~ (stealth).
    96 | D:1      | 96 ||| Stepping ~*~*~tactically~*~*~ (stealth).
    97 | D:1      | 97 ||| Stepping ~*~*~tactically~*~*~ (stealth).
   113 | D:1      | Reached skill level 2 in Axes
   160 | D:1      | 160 ||| Stepping ~*~*~tactically~*~*~ (stealth).
   175 | D:1      | Reached XP level 2. HP: 15/19 MP: 2/2
   518 | D:1      | Reached skill level 3 in Axes
   581 | D:1      | 581 ||| READING 3 scrolls labelled GUXKAW BAARA.
   582 | D:1      | 582 ||| READING scroll labelled TOCLIGH UMEME.
   583 | D:1      | 583 ||| READING 2 scrolls of identify.
   583 | D:1      | 583 ||| IDENTIFYING lumpy brown potion
   602 | D:2      | 602 ||| Stepping ~*~*~tactically~*~*~ (hiding).
   603 | D:2      | 603 ||| Stepping ~*~*~tactically~*~*~ (hiding).
   612 | D:2      | Reached XP level 3. HP: 19/23 MP: 3/3
   729 | D:2      | Found a sparkling altar of Nemelex Xobeh.
   789 | D:2      | Noticed Natasha
   801 | D:2      | Killed Natasha
   954 | D:2      | 954 ||| Stepping ~*~*~tactically~*~*~ (hiding).
   955 | D:2      | 955 ||| Stepping ~*~*~tactically~*~*~ (hiding).
  1037 | D:2      | Noticed Sigmund
  1038 | D:2      | 1038 ||| FLEEEEING.
  1039 | D:2      | 1039 ||| FLEEEEING.
  1040 | D:2      | 1040 ||| FLEEEEING.
  1052 | D:2      | 1052 ||| Stepping ~*~*~tactically~*~*~ (hiding).
  1062 | D:2      | Killed Sigmund
  1063 | D:2      | Reached skill level 3 in Throwing
  1063 | D:2      | Reached XP level 4. HP: 21/28 MP: 4/4
  1063 | D:2      | Reached XP level 5. HP: 24/32 MP: 5/5
  1214 | D:2      | Noticed Natasha
  1215 | D:2      | 1215 ||| Stepping ~*~*~tactically~*~*~ (stealth).
  1217 | D:2      | 1217 ||| Stepping ~*~*~tactically~*~*~ (hiding).
  1223 | D:2      | Killed Natasha
  1224 | D:2      | Reached XP level 6. HP: 37/37 MP: 6/6
  1425 | D:2      | 1425 ||| UPGRADING to +0 chain mail.
  1435 | D:2      | 1435 ||| DROPPING +0 scale mail.
  1436 | D:2      | 1436 ||| READING scroll labelled BIRGHI FOQUTATOI.
  1437 | D:2      | 1437 ||| READING scroll labelled FAMMIE NAWAUFFEI.
  1441 | D:2      | Noticed Natasha
  1453 | D:2      | Killed Natasha
  1454 | D:2      | Reached skill level 4 in Axes
  1571 | D:2      | 1571 ||| READING scroll labelled VAOGEE XAOL.
  1572 | D:2      | 1572 ||| READING scroll labelled RIL UTYACIDEEW.
  1573 | D:2      | 1573 ||| DRINKING 2 red potions.
  1574 | D:2      | 1574 ||| READING 2 scrolls of identify.
  1574 | D:2      | 1574 ||| IDENTIFYING cyan potion
  1749 | D:3      | 1749 ||| DROPPING +0 club.
  1767 | D:3      | 1767 ||| DROPPING +2 mace of draining.
  1949 | D:3      | Noticed Pargi
  1959 | D:3      | Killed Pargi
  2013 | D:3      | Reached skill level 5 in Axes
  2371 | D:3      | 2371 ||| READING scroll labelled RIUKHL VU BURIO.
  2372 | D:3      | 2372 ||| READING 6 scrolls of identify.
  2372 | D:3      | 2372 ||| IDENTIFYING bubbling brown potion
  2373 | D:3      | 2373 ||| READING 5 scrolls of identify.
  2373 | D:3      | 2373 ||| IDENTIFYING lumpy coppery potion
  2374 | D:3      | 2374 ||| DROPPING potion of enlightenment.
  2422 | D:4      | Found a broken altar of Ashenzari.
  2428 | D:4      | Reached XP level 7. HP: 39/44 MP: 7/7
  2431 | D:4      | 2431 ||| FLEEEEING.
  2448 | D:4      | 2448 ||| Stepping ~*~*~tactically~*~*~ (hiding).
  2574 | D:4      | Found a basalt altar of Yredelemnul.
  2581 | D:4      | 2581 ||| READING 4 scrolls of identify.
  2581 | D:4      | 2581 ||| IDENTIFYING grey potion
  2598 | D:4      | 2598 ||| UPGRADING to amulet of regeneration.
  2603 | D:4      | 2603 ||| DROPPING potion of berserk rage.
  2694 | D:4      | Found a staircase to the Ecumenical Temple.
  2695 | D:4      | 2695 ||| PLANNING TEMPLE
  2709 | Temple   | Entered the Ecumenical Temple
  2750 | Temple   | 2750 ||| PLANNING OKAWARU WORSHIP
  2832 | Temple   | Became a worshipper of Warmaster Okawaru
  2832 | Temple   | 2832 ||| PLANNING D:1-11
  2938 | D:4      | 2938 ||| Stepping ~*~*~tactically~*~*~ (hiding).
  2939 | D:4      | 2939 ||| Stepping ~*~*~tactically~*~*~ (hiding).
  3391 | D:4      | 3391 ||| UPGRADING to +0 plate armour.
  3401 | D:4      | 3401 ||| DROPPING +0 chain mail.
  3402 | D:4      | 3402 ||| READING scroll labelled JUNENAG AWUN.
  3403 | D:4      | 3403 ||| READING 3 scrolls of identify.
  3403 | D:4      | 3403 ||| IDENTIFYING fuming silvery potion
  3404 | D:4      | 3404 ||| DROPPING potion of ambrosia.
  3424 | D:5      | Entered Level 5 of the Dungeon
  3449 | D:5      | Reached skill level 6 in Axes
  3540 | D:5      | 3540 ||| Stepping ~*~*~tactically~*~*~ (hiding).
  3541 | D:5      | 3541 ||| Stepping ~*~*~tactically~*~*~ (hiding).
  3577 | D:5      | Found Usi Bero's Jewellery Shop.
  3585 | D:5      | 3585 ||| SHOPLISTING +4 ring of protection (396 gold, have
                  | 176).
  3585 | D:5      | 3585 ||| SHOPLISTING ring of fire (275 gold, have 176).
  3585 | D:5      | 3585 ||| SHOPLISTING ring of ice (275 gold, have 176).
  3585 | D:5      | 3585 ||| SHOPLISTING ring of protection from cold (275
                  | gold, have 176).
  3644 | D:5      | Reached XP level 8. HP: 48/48 MP: 8/8
  3698 | D:5      | Reached skill level 7 in Axes
  3898 | D:5      | 3898 ||| Stepping ~*~*~tactically~*~*~ (stealth).
  3904 | D:5      | Reached skill level 1 in Dodging
  3917 | D:5      | Reached * piety under Okawaru
  3920 | D:5      | 3920 ||| INVOKING Heroism.
  3934 | D:5      | 3934 ||| INVOKING Heroism.
  3935 | D:5      | Found an ornate altar of the Wu Jian Council.
  3965 | D:5      | Found a shadowy altar of Dithmenos.
  4129 | D:5      | 4129 ||| UPGRADING to +0 pair of boots.
  4134 | D:5      | 4134 ||| UPGRADING to +0 kite shield.
  4144 | D:5      | 4144 ||| DROPPING +0 buckler.
  4145 | D:5      | 4145 ||| UPGRADING to ring of see invisible.
  4146 | D:5      | 4146 ||| READING 5 scrolls of identify.
  4146 | D:5      | 4146 ||| IDENTIFYING amethyst potion
  4185 | D:6      | Noticed Menkaure
  4186 | D:6      | 4186 ||| Stepping ~*~*~tactically~*~*~ (hiding).
  4188 | D:6      | 4188 ||| Stepping ~*~*~tactically~*~*~ (hiding).
  4205 | D:6      | Killed Menkaure
  4245 | D:6      | Noticed Eustachio
  4246 | D:6      | 4246 ||| INVOKING Heroism.
  4265 | D:6      | 4265 ||| INVOKING Heroism.
  4275 | D:6      | Killed Eustachio
  4276 | D:6      | Reached skill level 6 in Shields
  4276 | D:6      | Reached XP level 9. HP: 54/54 MP: 7/9
  4311 | D:6      | 4311 ||| INVOKING Heroism.
  4316 | D:6      | Reached skill level 1 in Invocations
  4329 | D:6      | 4329 ||| Stepping ~*~*~tactically~*~*~ (stealth).
  4330 | D:6      | 4330 ||| Stepping ~*~*~tactically~*~*~ (stealth).
  4331 | D:6      | 4331 ||| Stepping ~*~*~tactically~*~*~ (stealth).
  4414 | D:6      | 4414 ||| INVOKING Heroism.
  4672 | D:6      | 4672 ||| READING scroll labelled UFY DADWONN.
  4673 | D:6      | 4673 ||| READING 5 scrolls of identify.
  4673 | D:6      | 4673 ||| IDENTIFYING metallic yellow potion
  4674 | D:6      | 4674 ||| Stepping ~*~*~tactically~*~*~ (stealth).
  4675 | D:6      | 4675 ||| DROPPING potion of invisibility.
  4691 | D:6      | 4691 ||| DROPPING +0 flail.
  4818 | D:7      | Reached skill level 8 in Axes
  4858 | D:7      | 4858 ||| Stepping ~*~*~tactically~*~*~ (stealth).
  4860 | D:7      | 4860 ||| Stepping ~*~*~tactically~*~*~ (hiding).
  4865 | D:7      | 4865 ||| Stepping ~*~*~tactically~*~*~ (hiding).
  4872 | D:7      | 4872 ||| INVOKING Heroism.
  4974 | D:7      | Reached skill level 3 in Invocations
  4984 | D:7      | Found Urhaos's Assorted Antiques.
  5004 | D:7      | Noticed Joseph
  5005 | D:7      | 5005 ||| Stepping ~*~*~tactically~*~*~ (stealth).
  5006 | D:7      | 5006 ||| Stepping ~*~*~tactically~*~*~ (stealth).
  5018 | D:7      | 5018 ||| INVOKING Heroism.
  5023 | D:7      | HP: 13/55 [Joseph/+7 quarterstaff of speed (12)]
  5024 | D:7      | 5024 ||| READING 4 scrolls of teleportation.
  5025 | D:7      | HP: 6/55 [Joseph/+7 quarterstaff of speed (9)]
  5026 | D:7      | 5026 ||| DRINKING 2 potions of heal wounds.
  5028 | D:7      | Killed Joseph
  5029 | D:7      | Reached skill level 6 in Fighting
  5029 | D:7      | Found a flagged portal.
  5062 | D:7      | 5062 ||| BUYING glowing glass ring (120 gold).
  5062 | D:7      | Bought a glowing glass ring for 120 gold pieces
  5062 | D:7      | 5062 ||| BUYING scroll of identify (48 gold).
  5062 | D:7      | Bought a scroll of identify for 48 gold pieces
  5062 | D:7      | 5062 ||| BUYING scroll of identify (48 gold).
  5062 | D:7      | Bought a scroll of identify for 48 gold pieces
  5062 | D:7      | 5062 ||| BUYING scroll of teleportation (72 gold).
  5062 | D:7      | Bought a scroll of teleportation for 72 gold pieces
  5062 | D:7      | 5062 ||| SHOPLISTING tapered gold wand (96 gold, have 17).
  5106 | D:7      | Identified the +9 mace of the Messenger {venom, Str-4
                  | Dex+8}
  5238 | D:7      | 5238 ||| Stepping ~*~*~tactically~*~*~ (stealth).
  5240 | D:7      | 5240 ||| Stepping ~*~*~tactically~*~*~ (stealth).
  5242 | D:7      | 5242 ||| Stepping ~*~*~tactically~*~*~ (stealth).
  5249 | D:7      | Reached XP level 10. HP: 61/61 MP: 13/13
  5255 | D:7      | Reached ** piety under Okawaru
  5550 | D:7      | Found a runed translucent door.
  5551 | D:7      | Noticed Crazy Yiuf
  5599 | D:7      | Found a bloodstained altar of Trog.
  5999 | D:7      | 5999 ||| UPGRADING to ring of protection from fire.
  6000 | D:7      | 6000 ||| UPGRADING to +6 ring of strength.
  6002 | D:7      | 6002 ||| UPGRADING to ring of see invisible.
  6004 | D:7      | 6004 ||| READING scroll labelled OROMUP GANAS.
  6099 | D:8      | 6099 ||| INVOKING Heroism.
  6123 | D:8      | Reached skill level 9 in Axes
  6234 | D:8      | Reached *** piety under Okawaru
  6243 | D:8      | 6243 ||| DROPPING +0 morningstar.
  6305 | D:8      | 6305 ||| Stepping ~*~*~tactically~*~*~ (cloud).
  6306 | D:8      | 6306 ||| INVOKING Heroism.
  6326 | D:8      | 6326 ||| Stepping ~*~*~tactically~*~*~ (hiding).
  6332 | D:8      | 6332 ||| Stepping ~*~*~tactically~*~*~ (hiding).
  6333 | D:8      | 6333 ||| Stepping ~*~*~tactically~*~*~ (hiding).
  6345 | D:8      | 6345 ||| INVOKING Heroism.
  6357 | D:8      | 6357 ||| Stepping ~*~*~tactically~*~*~ (stealth).
  6448 | D:8      | 6448 ||| Stepping ~*~*~tactically~*~*~ (hiding).
  6455 | D:8      | 6455 ||| Stepping ~*~*~tactically~*~*~ (hiding).
  6466 | D:8      | Reached skill level 9 in Shields
  6549 | D:8      | 6549 ||| READING 7 scrolls of identify.
  6549 | D:8      | 6549 ||| IDENTIFYING fizzy purple potion
  6550 | D:8      | 6550 ||| DROPPING potion of brilliance.
  6609 | D:9      | 6609 ||| Stepping ~*~*~tactically~*~*~ (hiding).
  6613 | D:9      | 6613 ||| INVOKING Heroism.
  6647 | D:9      | 6647 ||| Stepping ~*~*~tactically~*~*~ (stealth).
  6664 | D:9      | 6664 ||| Stepping ~*~*~tactically~*~*~ (stealth).
  6666 | D:9      | 6666 ||| INVOKING Heroism.
  6743 | D:9      | 6743 ||| DRINKING 5 potions of curing.
  6743 | D:9      | 6743 ||| (to cure confusion)
  6744 | D:9      | 6744 ||| INVOKING Heroism.
  6804 | D:9      | 6804 ||| Stepping ~*~*~tactically~*~*~ (stealth).
  6817 | D:9      | Reached skill level 10 in Axes
  6833 | D:9      | You fall into a shaft and drop 1 floor!
  6833 | D:10     | Entered Level 10 of the Dungeon
  6849 | D:10     | 6849 ||| READING scroll labelled LOSTEO FEOSUOG.
  6968 | D:9      | 6968 ||| INVOKING Heroism.
  6994 | D:9      | 6994 ||| READING scroll of enchant armour.
  6994 | D:9      | 6994 ||| ENCHANTING +0 pair of boots.
  7109 | D:9      | Reached skill level 6 in Armour
  7109 | D:9      | Reached XP level 11. HP: 67/67 MP: 14/14
  7152 | D:9      | 7152 ||| INVOKING Heroism.
  7322 | D:9      | 7322 ||| Stepping ~*~*~tactically~*~*~ (hiding).
  7323 | D:9      | 7323 ||| Stepping ~*~*~tactically~*~*~ (hiding).
  7679 | D:10     | 7679 ||| INVOKING Heroism.
  7800 | D:10     | 7800 ||| Stepping ~*~*~tactically~*~*~ (stealth).
  7802 | D:10     | 7802 ||| Stepping ~*~*~tactically~*~*~ (stealth).
  7839 | D:10     | 7839 ||| Stepping ~*~*~tactically~*~*~ (stealth).
  7840 | D:10     | 7840 ||| Stepping ~*~*~tactically~*~*~ (stealth).
  7841 | D:10     | 7841 ||| Stepping ~*~*~tactically~*~*~ (stealth).
  7842 | D:10     | 7842 ||| Stepping ~*~*~tactically~*~*~ (stealth).
  7843 | D:10     | 7843 ||| Stepping ~*~*~tactically~*~*~ (stealth).
  7875 | D:10     | Found a staircase to the Orcish Mines.
  7922 | D:10     | Noticed a two-headed ogre
  7923 | D:10     | 7923 ||| INVOKING Heroism.
  7931 | D:10     | Killed a two-headed ogre
  7940 | D:10     | Found a burning altar of Makhleb.
  8057 | D:10     | 8057 ||| INVOKING Heroism.
  8093 | D:10     | 8093 ||| READING scroll of enchant armour.
  8093 | D:10     | 8093 ||| ENCHANTING +1 pair of boots.
  8235 | D:10     | 8235 ||| INVOKING Heroism.
  8255 | D:10     | Found a shimmering altar of Xom.
  8326 | D:10     | 8326 ||| READING scroll labelled SOPHIDW VALISH.
  8327 | D:10     | 8327 ||| READING scroll labelled CIUTWA PEYNAT.
  8374 | D:11     | Noticed Grum
  8375 | D:11     | 8375 ||| Stepping ~*~*~tactically~*~*~ (hiding).
  8376 | D:11     | 8376 ||| INVOKING Heroism.
  8385 | D:11     | Killed Grum
  8393 | D:11     | Reached skill level 11 in Axes
  8425 | D:11     | Noticed a red ugly thing
  8435 | D:11     | Killed a red ugly thing
  8546 | D:11     | Noticed a boulder beetle
  8547 | D:11     | 8547 ||| INVOKING Heroism.
  8556 | D:11     | Killed a boulder beetle
  8556 | D:11     | Reached **** piety under Okawaru
  8591 | D:11     | Noticed a boulder beetle
  8592 | D:11     | 8592 ||| INVOKING Heroism.
  8602 | D:11     | Killed a boulder beetle
  8749 | D:11     | Noticed a death yak
  8750 | D:11     | 8750 ||| INVOKING Heroism.
  8750 | D:11     | Noticed a death yak
  8751 | D:11     | Noticed a manticore
  8752 | D:11     | 8752 ||| Stepping ~*~*~tactically~*~*~ (stealth).
  8755 | D:11     | Noticed a death yak
  8760 | D:11     | Killed a death yak
  8768 | D:11     | HP: 16/68 [death yak (16)]
  8769 | D:11     | 8769 ||| READING 4 scrolls of teleportation.
  8769 | D:11     | HP: 2/68 [manticore (9)]
  8769 | D:11     | Slain by a manticore

Levels and vault maps discovered:
D:1:      dpeg_arrival_snail, layout_basic, chequers_garden
D:2:      layout_loops_ring, basic_altar, uniq_natasha, uniq_sigmund
D:3:      layout_loops_ring, amethyst_killhole, uniq_pargi
D:4:      layout_basic, mainiacjoe_overflow_concentric_impassable,
          lemuel_crystal_altar, minmay_temple_entry_antechambers
D:5:      layout_cave_pools, jmf_multi_god_temple, serial_shops,
          nicolae_shop_tiny_statue_garden, serial_column_ruins,
          column_ruins_hut_pillars, column_ruins_square_medium,
          column_ruins_grid_1, column_ruins_corridor_straight,
          column_ruins_columns_straight, column_ruins_grid_1,
          column_ruins_grid_3, minmay_fountain_box, nicolae_wormholes
D:6:      minmay_clustersquares, layout_cave_pools, uniq_eustachio,
          uniq_menkaure
D:7:      layout_layer_cave, general_overflow_altar, enter_bailey_2,
          serial_shops, nicolae_shop_tiny_statue_garden,
          chequers_serial_rivers_micro_d, grunt_decor_mini_mirrors, uniq_joseph,
          uniq_crazy_yiuf_cottage
D:8:      layout_rooms, minmay_crystal_room
D:9:      layout_roguey, chequers_serial_rivers_micro_e, hive_lemuel
D:10:     layout_basic, dk_xom_monty_hall, mainiacjoe_overflow_brackets,
          zombieorc2_lemuel
D:11:     layout_stronghold, dpeg_lair_monsters,
          gammafunk_ghost_berserking_beasts, uniq_grum
Temple:   regret_index_temple_waves

Skill      XL: |  1  2  3  4  5  6  7  8  9 10 11 |
---------------+----------------------------------+-----
Axes           | 2 3 5 6 7 8 10 11 | 11.0
Throwing       | 3 |  3.7
Fighting       | 4 5 6 7 8 |  8.1
Dodging        | 1 |  1.4
Armour         | 4 6 7 |  7.6
Shields        | 6 7 9 10 | 10.0
Invocations    | 4 |  4.3

Action                     |  1- 3 |  4- 6 |  7- 9 | 10-12 || total
---------------------------+-------+-------+-------+-------++-------
  Melee: War axe           |    88 |    77 |   360 |   375 ||   900
  Throw: Javelin           |     7 |    12 |     6 |       ||    25
         Boomerang         |       |       |    68 |   110 ||   178
 Invoke: Heroism           |       |       |     8 |    16 ||    24
    Use: Scroll            |     3 |     8 |     7 |     8 ||    26
         Potion            |       |     1 |     1 |     1 ||     3
 Armour: Scale mail        |    37 |     3 |       |       ||    40
         Chain mail        |       |    59 |    23 |       ||    82
         Plate armour      |       |       |   276 |   237 ||   513
  Dodge: Dodged            |    38 |    41 |    97 |   102 ||   278
  Block: Buckler           |    15 |    20 |    30 |       ||    65
         Kite shield       |       |       |   120 |   225 ||   345

Table legend:
 A = Non-vault XP
 B = Vault XP
 C = Vault XP percentage of total XP
 D = Non-vault monster count
 E = Vault monster count
 F = Vault count percentage of total count
                 A         B        C        D         E       F
            +---------+---------+-------+---------+---------+-------
      Total |   11763 |    4344 |  27.0 |     198 |      70 |  26.1
            +---------+---------+-------+---------+---------+-------
        D:1 |      32 |       0 |   0.0 |      17 |       0 |   0.0
        D:2 |      78 |     258 |  76.8 |       7 |       2 |  22.2
        D:3 |     107 |     141 |  56.9 |      22 |       1 |   4.3
        D:4 |     352 |       0 |   0.0 |      12 |       0 |   0.0
        D:5 |     600 |     267 |  30.8 |      16 |      10 |  38.5
        D:6 |     539 |     893 |  62.4 |      10 |      12 |  54.5
        D:7 |    1175 |     450 |  27.7 |      24 |       1 |   4.0
        D:8 |    2454 |       0 |   0.0 |      37 |       0 |   0.0
        D:9 |    2176 |       0 |   0.0 |      35 |       0 |   0.0
       D:10 |    1846 |     863 |  31.9 |      14 |      38 |  73.1
       D:11 |    2404 |    1472 |  38.0 |       4 |       6 |  60.0
            +---------+---------+-------+---------+---------+-------
